AoeStats
← 912113973

Arabia

510587194Analyzed
4v4 RM · 1d ago on Oct 1, 2026· 41m 18s· 8 players
Game mode
Random Map
Map size
Large (8 player)
Population
200
Speed
Normal
Resources
Standard
Victory
Conquest
Starting age
Dark Age
Ending age
Imperial Age
RankedLock teamsTeams togetherTeam positionsShared explorationLock speedFull tech treeHidden civsTurbo modeCheats
Victory
Defeat
🇨🇭 Mongols · Switzerland
1113
+11
🇨🇭 Britons · Switzerland
1002
+16
🇬🇧 Franks · United Kingdom
994
+16
🇫🇷 Persians · France
973
+17
🇬🇷 Khitans · Greece
1067
-17
🇺🇸 Tupi · United States
989
-15
🇮🇩 Huns · Indonesia
974
-14
🇨🇳 Mongols · China
973
-14
-Slipstream/Matt
8:14 Loom
11:17 Feudal Age
11:42 Double-Bit Axe
13:13 Gold Mining
16:40 Castle Age
18:37 Gold Shaft Mining
19:48 Scale Barding Armor
27:43 Wheelbarrow
27:51 Forging
28:02 Chain Barding Armor
28:25 Bow Saw
28:07 Stone Mining
29:51 Hand Cart
30:39 Husbandry
31:44 Caravan
32:41 Town Watch
35:44 Town Patrol
37:08 Ballistics
36:45 Murder Holes
37:04 Masonry
41:00 Iron Casting
43:44 Imperial Age
amossegaetan
0:36 Loom
12:08 Feudal Age
13:27 Wheelbarrow
12:38 Town Watch
12:40 Horse Collar
13:05 Double-Bit Axe
22:39 Bloodlines
25:10 Gold Mining
25:14 Stone Mining
31:10 Castle Age
30:39 Forging
30:35 Scale Barding Armor
30:21 Fletching
30:32 Padded Archer Armor
32:54 Iron Casting
32:39 Chain Barding Armor
32:37 Bow Saw
32:29 Heavy Plow
32:52 Husbandry
frickman
8:23 Feudal Age
8:23 Loom
8:50 Double-Bit Axe
12:31 Horse Collar
17:43 Forging
17:38 Scale Barding Armor
18:22 Bloodlines
21:47 Castle Age
20:24 Gold Mining
22:02 Light Cavalry
22:57 Fletching
23:07 Padded Archer Armor
23:11 Husbandry
24:23 Bodkin Arrow
24:43 Leather Archer Armor
29:29 Gold Shaft Mining
34:59 Heavy Plow
35:11 Bow Saw
38:06 Wheelbarrow
37:26 Stone Mining
38:53 Ballistics
41:20 Imperial Age
39:32 Stone Shaft Mining
39:24 Hand Cart
40:32 Masonry
41:33 Town Watch
eieieili
5:24 Loom
11:32 Feudal Age
14:18 Double-Bit Axe
14:37 Fletching
17:04 Padded Archer Armor
24:14 Castle Age
24:43 Crossbowman
25:21 Bodkin Arrow
25:42 Leather Archer Armor
32:52 Gold Mining
38:31 Imperial Age
37:29 Wheelbarrow
GibranRakatiwing
0:29 Loom
11:50 Feudal Age
12:19 Double-Bit Axe
12:27 Stone Mining
14:04 Wheelbarrow
13:11 Horse Collar
18:26 Forging
18:42 Gold Mining
19:29 Scale Barding Armor
20:18 Bloodlines
25:00 Castle Age
25:05 Light Cavalry
25:45 Husbandry
26:45 Iron Casting
26:31 Chain Barding Armor
26:13 Heavy Plow
26:50 Gold Shaft Mining
26:47 Bow Saw
27:54 Hand Cart
31:35 Devotion
37:04 Imperial Age
37:07 Cavalier
38:50 Blast Furnace
38:26 Plate Barding Armor
39:08 Two-Man Saw
38:55 Paladin
gkyrkos7
7:18 Loom
10:16 Feudal Age
10:45 Double-Bit Axe
10:46 Domestication
18:07 Castle Age
22:17 Padded Archer Armor
22:14 Fletching
25:09 Elite Skirmisher
35:39 Wheelbarrow
912113973
2:16 Loom
10:31 Feudal Age
15:12 Padded Archer Armor
17:45 Fletching
Komfy Kaiju
8:44 Loom
10:30 Feudal Age
Connection lost

Rejoining the realm…

Still unreachable

The connection could not be restored.

Session expired

The server has moved on; the page needs a fresh start.